 Dungeon Crawl Stone Soup version 0.27-a0-1579-g97d2440184 (webtiles) character file.

Game seed: 15680494974822064239

63 Sin92 the Skirmisher (level 3, -5/43 HPs)
             Began as a Demonspawn Fighter on July 17, 2021.
             Killed by an exploding gnoll (19 damage)
             ... ignited by their inner flame
             ... on level 2 of the Dungeon.
             The game lasted 00:01:19 (1275 turns).

Sin92 the Skirmisher (Demonspawn Fighter)           Turns: 1275, Time: 00:01:21

Health: -5/43      AC: 21    Str: 15 (17) XL:     3   Next: 87%
Magic:  3/3        EV:  2    Int:  8 (11) God:
Gold:   94         SH:  8    Dex:  9 (12) Spells: 2/2 levels left

rFire    . . .     SeeInvis .   a - +0 war axe
rCold    . . .     Faith    .   c - +0 kite shield
rNeg     + + +     Spirit   .   (armour currently unavailable)
rPois    +         Reflect  .   (helmet currently unavailable)
rElec    .         Harm     .   (cloak currently unavailable)
rCorr    .         Rampage  .   (gloves currently unavailable)
Will     .....     NoTele   +   (boots currently unavailable)
Stlth    +.........             (no amulet)
HPRegen  0.14/turn              (no ring)
MPRegen  0.08/turn              (no ring)

@: tree-form
A: stationary, stasis, torment immunity, boosted hp, (horns 1), big brain 1
a: no special abilities


You were on level 2 of the Dungeon.
You were a tree.
You visited 1 branch of the dungeon, and saw 2 of its levels.

You collected 94 gold pieces.

Inventory:

Hand Weapons
 a - a +0 war axe (weapon)
Armour
 b - a +0 scale mail (melded)
 c - a +0 kite shield (worn)
Scrolls
 f - a scroll of identify {unknown}
 g - a scroll of immolation
 i - a scroll of fear {unknown}
Potions
 d - a potion of might


   Skills:
 + Level 3.2 Fighting
 * Level 2.8 Axes
 + Level 3.0 Armour
 * Level 1.1 Dodging
 + Level 3.0 Shields


You had 2 spell levels left.
You didn't know any spells.
Your spell library contained the following spells:

 Spells                   Type           Power      Damage    Failure   Level
 Freezing Cloud           Conj/Ice/Air   0%         6-21      100%        5
 Simulacrum               Ice/Necr       0%         N/A       100%        6
 Polar Vortex             Ice            0%         N/A       100%        9


Dungeon Overview and Level Annotations

Branches:
Dungeon (2/15)

Altars:
Gozag

Shops:
D:2 [


Innate Abilities, Weirdness & Mutations

You are a tree.
Your roots penetrate the ground, keeping you stationary.
You cannot be teleported.
You are immune to unholy pain and torment.
Your maximum health is greatly increased.
Your equipment is partially melded.
((You have a pair of small horns on your head.))
You have an unusually large brain. (Int +2)


Message History

The gnoll barely misses you. The gnoll hits you with a +0 club.
Unknown command.
There are monsters nearby!
You hit the gnoll but do no damage.
The gnoll is lightly wounded.
You barely miss the gnoll. The gnoll hits you with a +0 whip.
The gnoll barely misses you. The gnoll hits you with a +0 whip.
You block the gnoll's attack.
Unknown command.
There are monsters nearby!
You are too injured to fight recklessly!
There are monsters nearby!
Unknown command.
You are too injured to fight recklessly!
Unknown command.
There are monsters nearby!
You are too injured to fight recklessly!
Unknown command.
There are monsters nearby!
You are too injured to fight recklessly!
There are monsters nearby!
As you read the scroll labelled GAYFIUC ZUNAU, it crumbles to dust.
The creatures around you are filled with an inner flame!
It was a scroll of immolation.
The gnoll completely misses you. You block the gnoll's attack.
It was a potion of degeneration.
There was something very wrong with that liquid.
You feel weakened.
You feel dopey.
You feel clumsy. The gnoll hits you but does no damage.
The gnoll hits you with a +0 club.
It was a potion of lignification.
You turn into a tree.
Your +0 scale mail melds into your body.
Your roots penetrate the ground.
The gnoll hits you but does no damage. x2
You slash the gnoll!
Flame seeps out of the gnoll.
The gnoll is severely wounded.
You closely miss the gnoll.
The gnoll is engulfed in blazing flames.
The gnoll explodes!
The fiery explosion engulfs the gnoll!!!
The fiery explosion engulfs you!!
You die...

..........# #.##.# #..........#
##.##.# #..........# #..##.#
##.........######.###..
#..............##.####.
#..).......###.....# ##
#......>...# ####..###
#.......)..# #.....##
##########...§§♣....# #.###...
#.......###..§○§...## #.# ###.
#.......# ##.§§...## ##.######
#..8.8..####.###### #..#...##
##..#'#....##.###### #.##...##
#...#.#............######.##.....
#.###.###.......................#
#.#8...8#..........######.##....#
#.#.._..#..........# #.###....


There were no monsters in sight!

Vanquished Creatures
  3 gnolls (D:2)
  An adder (D:2)
  3 dart slugs
  4 ball pythons
  5 bats
  An endoplasm (D:1)
  3 giant cockroaches
  A goblin (D:1)
  2 hobgoblins
  6 jackals
  2 kobolds
  2 quokkas
  2 frilled lizards
  2 rats (D:2)
37 creatures vanquished.

Notes
Turn   | Place    | Note
-------+----------+-------------------------------------------
     0 | D:1      | Sin92 the Demonspawn Fighter began the quest for the Orb.
     0 | D:1      | Reached XP level 1. HP: 18/18 MP: 1/1
   269 | D:1      | Gained mutation: You have an unusually large brain. (Int
                  | +2) [demonic ancestry]
   269 | D:1      | Reached XP level 2. HP: 21/24 MP: 2/2
   721 | D:2      | Gained mutation: You have a pair of small horns on your
                  | head. [demonic ancestry]
   721 | D:2      | Reached XP level 3. HP: 29/29 MP: 3/3
   729 | D:2      | Found a faded altar of an unknown god.
   767 | D:2      | Found an opulent altar of Gozag.
   781 | D:2      | Reached skill level 1 in Dodging
   877 | D:2      | Found Oxoato Etuont's Antique Armour Shop.
  1275 | D:2      | Killed by an exploding gnoll... ignited by their inner
                  | flame

Illustrated notes

Levels and vault maps discovered:
D:1:      minmay_arrival_four_houses, layout_rooms, minmay_misc_feat_cross
D:2:      layout_rooms, serial_shops, shop,
          dreamdust_ecumenical_altar_angels_and_demons, basic_altar

Skill      XL: |  1  2  3 |
---------------+----------+-----
Axes           | 2 |  2.8
Dodging        | 1 |  1.1
Armour         | 3 |  3.0
Shields        | 3 |  3.0
Fighting       | |  3.2

Action                   || total
-------------------------++-------
Melee: War axe           ||   102
       Headbutt          ||     7
  Use: Potion            ||     2
       Scroll            ||     1
Armor: Scale mail        ||    73
       Skin              ||     2
Dodge: Dodged            ||    38
Block: Kite shield       ||    69

Table legend: (Time is in decaauts)
 A = Elapsed time spent in this place.
 B = Non-inter-level travel time spent in this place.
 C = Inter-level travel time spent in this place.
 D = Time resting spent in this place.
 E = Time spent auto-exploring this place.
 F = Levels seen in this place.
 G = Mean time per level.
                   A        B        C        D        E       F      G
               +--------+--------+--------+--------+--------+-----+--------+
         Total |   1339 |   1336 |      3 |    149 |    929 |   2 |  669.5 |
       Dungeon |   1339 |   1336 |      3 |    149 |    929 |   2 |  669.5 |
               +--------+--------+--------+--------+--------+-----+--------+

Top non-repeatable levels by time:
     D:1: 740 daAuts
     D:2: 598 daAuts
